 Dungeon Crawl Stone Soup version 0.19.0-16-g73b5abf (webtiles) character file.

75 cedor the Skirmisher (level 4, -2/45 HPs)
             Began as an Ogre Artificer on Nov 10, 2016.
             Slain by a worm (10 damage)
             ... on level 3 of the Dungeon.
             The game lasted 00:07:03 (3065 turns).

cedor the Skirmisher (Ogre Artificer)               Turns: 3065, Time: 00:07:04

Health: -2/45      AC:  3    Str: 18    XL:     4   Next: 31%
Magic:  14/14      EV: 10    Int: 10    God:
Gold:   139        SH:  0    Dex: 10    Spells: 0 memorised, 3 levels left

rFire  . . .     SeeInvis .     a - +0 club
rCold  . . .     Gourm    .     q - +0 robe
rNeg   . . .     Faith    .     (no shield)
rPois  .         Spirit   .     (helmet restricted)
rElec  .         Reflect  .     (no cloak)
rCorr  .         Harm     .     (gloves unavailable)
MR     .....                    (boots unavailable)
Stlth  +.........               (no amulet)
                                w - ring of magical power
                                (no ring)

@: no status effects
A: unfitting armour, tough skin 1
a: no special abilities


You were on level 3 of the Dungeon.
You were not hungry.

You visited 1 branch of the dungeon, and saw 3 of its levels.

You collected 139 gold pieces.


Innate Abilities, Weirdness & Mutations

You are too large for most types of armour.
You have tough skin. (AC +1)


   Skills:
 - Level 3.1 Fighting
   Level 0.5 Short Blades
 + Level 3.0 Maces & Flails
 - Level 2.6 Dodging
 - Level 0.6 Stealth
 - Level 2.4 Evocations


You had 3 spell levels left.
You didn't know any spells.

Inventory:

Hand Weapons
 a - a +0 club (weapon)
Missiles
 g - 61 stones (quivered)
 v - 7 curare-tipped needles {=f}
Armour
 q - a +0 robe (worn)
Jewellery
 w - a ring of magical power (right hand)
Wands
 c - a wand of flame (9/48)
 d - a wand of enslavement (15/24)
 e - a wand of random effects (11/48)
 s - a wand of random effects (26/48)
Scrolls
 b - a scroll of identify {unknown}
 f - a scroll of enchant weapon {unknown}
 k - a scroll of fog {unknown}
 l - 2 scrolls of magic mapping {unknown}
 m - a scroll of fear {unknown}
 o - 2 scrolls of amnesia {unknown}
 p - 3 scrolls of remove curse {unknown}
 t - a scroll of teleportation {unknown}
 y - a scroll of random uselessness {unknown}
Potions
 i - a potion of haste {unknown}
 j - a potion of flight {unknown}
 n - 2 potions of heal wounds {unknown}
 u - a potion of cure mutation {unknown}
 x - a potion of degeneration {unknown}
 z - a potion of curing {unknown}
Comestibles
 h - 4 meat rations
 r - 2 royal jellies

Dungeon Overview and Level Annotations

Branches:
Dungeon (3/15)

Altars:
Dithmenos

▒.........▒▒
........................
▒.......................
...................<....
▒▒▒.....................
..▒.....................
.........)>.£...........
................w.......
.......▒(.......O.......
.▒▒..▒.▒.▒▒▒............
.▒▒▒(▒.▒.▒ ▒▒...........
.▒▒▒.▒...▒ ▒..▒▒..<....?
##▒▒...[.▒ ▒.▒▒▒...%....
.▒###▒...▒▒▒.▒ ▒.▒.....▒
#.▒##........▒ ▒.▒▒▒▒▒▒▒
#▒#▒#.▒▒▒▒▒▒.....▒
_###..▒ ▒▒▒▒▒▒▒


You could see a worm.


Message History

Found a scroll labeled JIULIL QO XIZ.
You hit the worm.
The worm is lightly wounded.
The worm bites you!
You hit the worm.
The worm is moderately wounded.
The worm bites you.
You hit the worm.
The worm is moderately wounded.
You hit the worm but do no damage.
The worm is moderately wounded.
The worm bites you!
* * * LOW HITPOINT WARNING * * *
You hit the worm.
The worm is heavily wounded.
The worm bites you.
* * * LOW HITPOINT WARNING * * *
You hit the worm.
The worm is heavily wounded.
The worm closely misses you.
You hit the worm.
The worm is severely wounded.
You hit the worm but do no damage.
The worm is severely wounded.
The worm bites you!
* * * LOW HITPOINT WARNING * * *
You hit the worm.
The worm is severely wounded.
The worm bites you!
You die...

Action                   |  1- 3 |  4- 6 || total
-------------------------+-------+-------++-------
Melee: Short sword       |    81 |       ||    81
       Club              |    52 |    50 ||   102
Evoke: Wand              |    10 |     2 ||    12
  Eat: Chunk             |     5 |       ||     5
       Bread ration      |       |     1 ||     1
Armor: Robe              |    62 |     4 ||    66
Dodge: Dodged            |   110 |    27 ||   137

Vault maps used:
D:1:      ncdulo_wetmaze
D:2:      uniq_terence
D:3:      grunt_dithmenos_smoke_and_mirrors, uniq_jessica

Notes
Turn   | Place    | Note
-------+----------+-------------------------------------------
     0 | D:1      | cedor the Ogre Artificer began the quest for the Orb.
     0 | D:1      | Reached XP level 1. HP: 19/19 MP: 2/2
   229 | D:1      | Reached skill level 2 in Dodging
   309 | D:1      | Reached skill level 2 in Fighting
   763 | D:2      | Reached XP level 2. HP: 28/28 MP: 3/3
   838 | D:2      | Noticed Terence
  1256 | D:2      | Reached skill level 3 in Fighting
  1256 | D:2      | Reached XP level 3. HP: 12/37 MP: 4/4
  1642 | D:2      | Noticed Terence
  1642 | D:2      | Terence changed into Terence the hobgoblin
  1646 | D:2      | Killed Terence the hobgoblin
  2044 | D:2      | Reached skill level 1 in Maces & Flails
  2486 | D:3      | Reached skill level 2 in Maces & Flails
  2630 | D:3      | Reached XP level 4. HP: 42/45 MP: 5/5
  2810 | D:3      | Found a shadowy altar of Dithmenos.
  3037 | D:3      | Reached skill level 3 in Maces & Flails
  3065 | D:3      | Slain by a worm

Vanquished Creatures
  3 adders
  3 worms
  2 leopard geckos
  An orc (D:3)
  3 bats
  6 goblins
  5 hobgoblins
  2 jackals (D:2)
  4 kobolds
  4 frilled lizards
  5 rats
38 creatures vanquished.
